 Dungeon Crawl Stone Soup version 0.29-a0-378-gc08b2e8bf8 (webtiles) character file.

Game seed: 15880252949699028190

81306 Agony the Peltast (level 15, -3/136 HPs)
             Began as a Minotaur Fighter on May 5, 2022.
             Was an Elder of the Shining One.
             Slain by an orc warrior
             ... wielding a +0 long sword
              (4 damage)
             ... on level 2 of the Orcish Mines.
             The game lasted 01:10:08 (30251 turns).

Agony the Peltast (Minotaur Fighter)               Turns: 30251, Time: 01:10:10

Health: -3/136     AC: 29    Str: 30    XL:     15   Next: 26%
Magic:  21/21      EV: 10    Int:  8    God:    the Shining One [****..]
Gold:   2353       SH: 43    Dex:  7    Spells: 14/14 levels left

rFire   . . .      SeeInvis +   a - +5 flail (holy)
rCold   + . .      Faith    .   i - +11 tower shield of Hairy Miracles {rCorr Str+3 Int+3 Dex-4}
rNeg    + + .      Spirit   .   K - +8 chain mail of Gluttony {SInv}
rPois   +          Reflect  +   (helmet restricted)
rElec   .          Harm     .   (no cloak)
rCorr   +          Rampage  .   G - +2 pair of gloves
Will    +....                   b - +2 pair of boots
Stlth   ..........              L - amulet of reflection
HPRegen 0.32/turn               Y - ring of poison resistance
MPRegen 0.17/turn               O - ring of protection from cold

@: divinely shielded, about to teleport, hasted, glowing, studying 2 skills,
very quick
A: horns 2, retaliatory headbutt, MP-powered wands
a: Renounce Religion, Divine Shield, Cleansing Flame


You were on level 2 of the Orcish Mines.
You worshipped the Shining One.
The Shining One was greatly pleased with you.
You visited 4 branches of the dungeon, and saw 22 of its levels.
You visited the Abyss 1 time.
You also visited: Ossuary.

You collected 2691 gold pieces.
You spent 338 gold pieces at shops.

Inventory:

Hand Weapons
 a - a +5 flail of holy wrath (weapon)
Missiles
 y - 3 javelins
Armour
 b - a +2 pair of boots (worn)
 d - a +0 pair of boots of flying
 i - the +11 tower shield of Hairy Miracles (worn) {rCorr Str+3 Int+3 Dex-4}
   (You acquired it on level 1 of the Lair of Beasts)

   Str:       It affects your strength (+3).
   Int:       It affects your intelligence (+3).
   Dex:       It affects your dexterity (-4).
   rCorr:     It protects you from acid and corrosion.
 E - the -1 cloak of Tempters {rElec}
   (You found it on level 12 of the Dungeon)

   rElec:     It insulates you from electricity.
 G - a +2 pair of gloves (worn)
 K - the +8 chain mail of Gluttony (worn) {SInv}
   (You found it on level 6 of the Dungeon)

   SInv:      It lets you see invisible.
 P - the +6 scale mail of the Peculiar Tales {rPois Int+2 Stlth+}
   (You found it on level 9 of the Dungeon)

   Int:       It affects your intelligence (+2).
   rPois:     It protects you from poison.
   Stlth:     It makes you more stealthy.
Jewellery
 C - a ring of protection from cold
 L - an amulet of reflection (around neck)
 O - a ring of protection from cold (right hand)
 Q - a ring of ice
 T - a ring of fire
 Y - a ring of poison resistance (left hand)
Wands
 k - a wand of flame (26) (quivered)
 B - a wand of polymorph (18)
 H - a wand of paralysis (17)
 J - a wand of charming (9)
 R - a wand of digging (5)
 X - a wand of acid (3)
Scrolls
 h - a scroll of magic mapping
 j - 3 scrolls of poison
 n - 3 scrolls of fear
 p - 6 scrolls of amnesia
 q - 8 scrolls of fog
 r - 3 scrolls of immolation
 s - 4 scrolls of identify
 u - a scroll of summoning
 v - 3 scrolls of blinking
 z - a scroll of enchant armour
 M - 6 scrolls of vulnerability
Potions
 f - 4 potions of invisibility
 l - 5 potions of lignification
 m - a potion of haste
 o - 6 potions of flight
 t - a potion of heal wounds
 w - 5 potions of attraction
 A - 3 potions of resistance
 D - 5 potions of curing
 F - 5 potions of mutation
 I - a potion of berserk rage
 N - 2 potions of might
 S - 4 potions of brilliance
 U - 2 potions of magic
Miscellaneous
 x - a lightning rod (4/4)
 W - a phantom mirror


   Skills:
 + Level 13.5 Fighting
 - Level 14.0 Maces & Flails
 - Level 9.0 Polearms
 + Level 15.4 Armour
 + Level 10.3 Dodging
 * Level 16.1 Shields
 + Level 9.4 Invocations


You had 14 spell levels left.
You didn't know any spells.
Your spell library contained the following spells:

 Spells                   Type           Power      Damage    Failure   Level
 Foxfire                  Conj/Fire      0%         2x1d4     99%         1
 Sting                    Tmut/Pois      0%         1d3       99%         1
 Poisonous Vapours        Pois/Air       0%         N/A       100%        2
 Static Discharge         Conj/Air       0%         N/A       100%        2
 Call Canine Familiar     Summ           0%         N/A       100%        3
 Confusing Touch          Hex            0%         N/A       100%        3
 Conjure Flame            Conj/Fire      0%         6-21      100%        3
 Dazzling Flash           Conj/Hex       0%         N/A       100%        3
 Inner Flame              Hex/Fire       0%         N/A       100%        3
 Ozocubu's Armour         Ice            0%         N/A       100%        3
 Portal Projectile        Hex/Tloc       0%         N/A       100%        3
 Stone Arrow              Conj/Erth      0%         3d7       100%        3
 Summon Guardian Golem    Hex/Summ       0%         N/A       100%        3
 Tukima's Dance           Hex            0%         N/A       100%        3
 Anguish                  Hex/Necr       0%         N/A       100%        4
 Animate Armour           Summ/Erth      0%         N/A       100%        4
 Dispel Undead            Necr           0%         3d6       100%        4
 Flame Wave               Conj/Fire      0%         2d4       100%        4
 Iskenderun's Mystic Bla  Conj/Tloc      0%         2d3       100%        4
 Leda's Liquefaction      Hex/Erth       0%         N/A       100%        4
 Olgreb's Toxic Radiance  Pois           0%         N/A       100%        4
 Sticky Flame             Conj/Fire      0%         2d3       100%        4
 Summon Ice Beast         Ice/Summ       0%         N/A       100%        4
 Blade Hands              Tmut           0%         N/A       100%        5
 Excruciating Wounds      Necr           0%         N/A       100%        5
 Lightning Bolt           Conj/Air       0%         1d11      100%        5
 Metabolic Englaciation   Hex/Ice        0%         N/A       100%        5
 Summon Mana Viper        Hex/Summ       0%         N/A       100%        5
 Yara's Violent Unravell  Hex/Tmut       0%         3d3       100%        5
 Simulacrum               Ice/Necr       0%         N/A       100%        6
 Starburst                Conj/Fire      0%         6d3       100%        6
 Enfeeble                 Hex            0%         N/A       100%        7
 Monstrous Menagerie      Summ           0%         N/A       100%        7
 Orb of Destruction       Conj           0%         9d5       100%        7
 Ozocubu's Refrigeration  Ice            0%         4d5       100%        7
 Spellforged Servitor     Conj/Summ      0%         N/A       100%        7
 Lehudib's Crystal Spear  Conj/Erth      0%         10d2      100%        8
 Maxwell's Capacitive Co  Air            0%         ∞         100%        8


Dungeon Overview and Level Annotations

Branches:
Dungeon (13/15)            Temple (1/1) D:4            Lair (6/6) D:11
  Swamp (0/4) Lair:2       Spider (0/4) Lair:3        Slime (0/5) Lair:5
    Orc (2/2) D:12         Vaults (0/5) D:13        Ossuary (visited)
    Elf: Orc:2

Altars:
Ashenzari
Dithmenos
Elyvilon
Gozag
Hepliaklqana
Kikubaaqudgha
Nemelex Xobeh
Okawaru
Qazlal
Ru
Sif Muna
Vehumet
Xom
The Shining One
Jiyva

Shops:
D:1 =   D:5 *   D:9 !   D:11 =   D:13 *   Orc:1 *

Portals:
Trove: D:10 (give ring "Tyreirao")

Annotations:
D:7 exclusion: statue
D:8 2 transporters, hemabe1971's ghost, novice HuAr
D:10 1 runed translucent door, Slaatcain's ghost, novice MiFi
D:13 4 runed translucent doors
Lair:4 1 runed translucent door, Awagaup's ghost, journeyman DsVM
Lair:5 exclusion: oklob plant


Innate Abilities, Weirdness & Mutations

You have a pair of horns on your head.
You reflexively headbutt those who attack you in melee.
You expend magic power (3 MP) to strengthen your wands.


Message History

You kill the orc sorcerer!
The Shining One accepts your kill.
You feel better.
The sixfirhy disappears in a puff of smoke!
The orc warrior no longer looks unusually strong.
You bludgeon the orc sorcerer!!
The orc sorcerer is severely wounded.
You block the orc knight's attack. You block the orc's attack.
The orc warrior completely misses you. You block the orc's attack.
You block the orc warrior's attack. You block the orc sorcerer's attack.
The orc high priest invokes the aid of Beogh against you.
You resist with significant effort.
An orc knight comes into view. It is wielding a +0 battleaxe.
The orc knight roars a battlecry!
The orcs go into a battle-frenzy!
You bludgeon the orc sorcerer!!
You kill the orc sorcerer!
The Shining One accepts your kill.
The sentinel's mark upon you fades away.
You sock the orc wizard! You headbutt the orc wizard.
The orc wizard is severely wounded.
You block the orc wizard's attack. You block the orc knight's attack.
You block the orc's attack. The orc hits you but does no damage.
You block the orc warrior's attack. The orc barely misses you.
The orc warrior hits you with a +0 long sword!
* * * LOW HITPOINT WARNING * * *
You sock the orc wizard!
You kill the orc wizard!
The orc knight hits you with a +0 great sword!!
* * * LOW HITPOINT WARNING * * *
You block the orc's attack. You block the orc knight's attack.
You block the orc's attack.
The orc warrior hits you from afar with a +1 halberd of freezing!
The Shining One protects you from harm! The orc warrior freezes you.
* * * LOW HITPOINT WARNING * * *
The orc hits you with a +0 club.
* * * LOW HITPOINT WARNING * * *
The orc warrior hits you with a +0 long sword.
You die...

.....#.......##
#...##
#....#.#.....#.##
##.##
#...............#
###
#..............##
##...........###
#............#
......oo.#..###
.o....ooo...#.##
....ooo@o).....#
....#oooo..##.##
# ###....# ##
##....# ###.##
###


You could see 4 orc knights, an orc high priest (strong), 3 orc warriors, an orc
priest (strong) and 5 orcs.

Vanquished Creatures
  Nessos (Lair:5)
  10 hydras
  4 boulder beetles
  An ogre mage (D:13)
  3 vault guards
  2 centaur warriors (D:13)
  2 catoblepae (Lair:6)
  4 two-headed ogres
  15 death yaks
  An orc high priest (Orc:2)
  Sonja (D:13)
  The ghost of supermoro the Thaumaturge, a journeyman DECj of Vehumet (Orc:1)
  A bog body (Lair:2)
  A deep elf archer (D:13)
  2 lindwurms (Lair:6)
  2 wizards (D:13)
  An orc knight (D:13)
  An ugly thing (D:13)
  3 orc sorcerers
  2 deep elf pyromancers (D:13)
  4 manticores
  A faun (shapeshifter) (D:12)
  2 necromancers (D:13)
  2 cyclopes
  8 elephants
  5 black mambas
  10 cane toads
  A torpor snail (Lair:2)
  2 yaktaurs (D:13)
  5 rime drakes
  A komodo dragon (shapeshifter) (D:13)
  7 komodo dragons
  Psyche (D:12)
  9 trolls
  3 polar bears
  A hornet (Lair:2)
  2 tarantellas (shapeshifter) (D:13)
  5 blink frogs (Lair:2)
  9 dream sheep (Lair:6)
  20 slime creatures
  A small abomination (Abyss:1)
  2 jumping spiders (Lair:3)
  5 shadows
  3 wraiths
  53 yaks
  Eustachio (D:5)
  6 wyverns
  2 fire bats (Lair:2)
  11 basilisks
  18 humans (D:13)
  2 vampire mosquitoes (D:12)
  2 redbacks (Lair:3)
  5 wargs
  Edmund (D:6)
  18 water moccasins
  A sky beast (D:6)
  17 orc warriors
  5 black bears
  12 wolves
  3 ogres
  4 centaurs
  3 kobold brigands
  An elf zombie (Ossuary)
  A gnoll sergeant (D:9)
  13 bullfrogs
  2 necrophages
  5 wights (D:8)
  5 killer bees (D:9)
  2 electric eels (D:7)
  6 howler monkeys
  2 jellies
  3 centaur zombies (Ossuary)
  4 human zombies (Ossuary)
  18 orc priests
  2 hounds
  2 gnoll shamans
  An iguana (D:3)
  19 orc wizards
  Ijyb (D:3)
  3 hound zombies (Ossuary)
  3 mummies (Ossuary)
  Robin (D:3)
  9 adders
  14 gnolls
  2 white imps
  4 adder zombies (Ossuary)
  4 worms
  75 orcs
  5 endoplasms
  5 giant cockroaches
  18 goblins
  9 hobgoblins
  15 kobolds
  5 quokkas
  7 ball pythons
  7 bats
  5 frilled lizards
  7 goblin zombies (Ossuary)
  A hobgoblin zombie (Ossuary)
  3 jackal zombies (Ossuary)
  3 kobold zombies (Ossuary)
  An orc zombie (Ossuary)
  3 quokka zombies (Ossuary)
  7 rats
  3 rat zombies (Ossuary)
637 creatures vanquished.

Vanquished Creatures (others)
  2 bushes (Lair:6)
  71 fungi
  48 plants
121 creatures vanquished.

Grand Total: 758 creatures vanquished

Notes
Turn   | Place    | Note
-------+----------+-------------------------------------------
     0 | D:1      | Agony the Minotaur Fighter began the quest for the Orb.
     0 | D:1      | Reached XP level 1. HP: 19/19 MP: 0/0
   176 | D:1      | Reached XP level 2. HP: 27/27 MP: 1/1
   357 | D:1      | Found Pyell's One-of-a-Kind Rings.
   455 | D:1      | Reached skill level 4 in Shields
   912 | D:2      | Reached XP level 3. HP: 33/33 MP: 2/2
  1440 | D:2      | Reached XP level 4. HP: 41/41 MP: 3/3
  2027 | D:3      | Noticed Robin
  2054 | D:3      | Killed Robin
  2084 | D:3      | Reached XP level 5. HP: 35/47 MP: 4/4
  2695 | D:3      | Reached skill level 5 in Fighting
  2695 | D:3      | Reached skill level 5 in Shields
  2892 | D:3      | Reached skill level 1 in Polearms
  2892 | D:3      | Reached skill level 5 in Armour
  2898 | D:3      | Reached XP level 6. HP: 31/56 MP: 5/5
  3240 | D:3      | Found a white marble altar of Elyvilon.
  3253 | D:3      | Became a worshipper of Elyvilon the Healer
  3332 | D:3      | Noticed Ijyb
  3339 | D:3      | Killed Ijyb
  3615 | D:4      | Found a sand-covered staircase.
  3624 | Ossuary  | Entered an ossuary
  3899 | Ossuary  | Reached XP level 7. HP: 62/62 MP: 6/6
  3962 | Ossuary  | Reached skill level 6 in Shields
  4386 | D:4      | Reached * piety under Elyvilon
  4562 | D:4      | Found a staircase to the Ecumenical Temple.
  4571 | Temple   | Entered the Ecumenical Temple
  4589 | Temple   | Fell from the grace of Elyvilon
  4589 | Temple   | Became a worshipper of the Shining One
  5015 | D:5      | Entered Level 5 of the Dungeon
  5025 | D:5      | Reached XP level 8. HP: 71/71 MP: 7/7
  5049 | D:5      | Found Qokosk Meul's Assorted Antiques.
  5060 | D:5      | Bought a square brass amulet for 130 gold pieces
  5079 | D:5      | Noticed Eustachio
  5107 | D:5      | Killed Eustachio
  5108 | D:5      | Reached skill level 7 in Shields
  5885 | D:6      | Identified the +12 whip of Orue {spect, rN+ Will- rCorr}
  6006 | D:6      | Reached skill level 5 in Polearms
  6205 | D:6      | Noticed Edmund
  6212 | D:6      | Killed Edmund
  6702 | D:6      | Identified the +8 chain mail of Gluttony {SInv}
  7149 | D:7      | Reached * piety under the Shining One
  7178 | D:7      | Reached skill level 5 in Maces & Flails
  7178 | D:7      | Reached XP level 9. HP: 81/81 MP: 8/8
  7242 | D:7      | Found a radiant altar of Vehumet.
  7673 | D:7      | Found a hazy altar of Hepliaklqana.
  8050 | D:8      | Reached skill level 1 in Dodging
  8050 | D:8      | Reached skill level 1 in Invocations
  8055 | D:8      | Reached skill level 8 in Shields
  8178 | D:8      | Found a sacrificial altar of Ru.
  8612 | D:8      | Reached ** piety under the Shining One
  8651 | D:8      | Found a transporter.
  8654 | D:8      | Noticed hemabe1971's ghost (novice HuAr)
  8656 | D:8      | Found a transporter.
  8873 | D:9      | Noticed a troll
  8893 | D:9      | Killed a troll
  9064 | D:9      | Found Onaisor's Distillery.
  9240 | D:9      | Reached XP level 10. HP: 79/90 MP: 11/11
  9538 | D:9      | Identified the +6 scale mail of the Peculiar Tales {rPois
                  | Int+2 Stlth+}
  9667 | D:9      | Reached skill level 9 in Shields
  9775 | D:10     | Entered Level 10 of the Dungeon
  9783 | D:10     | Noticed a two-headed ogre
  9794 | D:10     | Killed a two-headed ogre
  9825 | D:10     | Noticed a two-headed ogre
  9842 | D:10     | Killed a two-headed ogre
 10157 | D:10     | Found a sparkling altar of Nemelex Xobeh.
 10181 | D:10     | Reached XP level 11. HP: 62/97 MP: 13/13
 10360 | D:10     | Reached skill level 5 in Dodging
 10827 | D:10     | Noticed a vault guard
 10834 | D:10     | Killed a vault guard
 10840 | D:10     | Found a portal to a secret trove of treasure.
 10877 | D:10     | Noticed a boulder beetle
 10930 | D:10     | Killed a boulder beetle
 10931 | D:10     | Reached skill level 10 in Shields
 11271 | D:10     | Found an opulent altar of Gozag.
 11293 | D:10     | Found a runed translucent door.
 11294 | D:10     | Noticed Slaatcain's ghost (novice MiFi)
 11727 | D:11     | Reached skill level 10 in Fighting
 11837 | D:11     | Reached skill level 10 in Armour
 11837 | D:11     | Reached skill level 5 in Invocations
 11980 | D:11     | Found Yrous's Jewellery Shop.
 12480 | D:11     | Found a staircase to the Lair.
 12495 | D:11     | Reached *** piety under the Shining One
 12705 | Lair:1   | Entered Level 1 of the Lair of Beasts
 13478 | Lair:1   | Identified a scroll of acquirement
 13480 | Lair:1   | Acquired the +11 tower shield of Hairy Miracles {rCorr
                  | Str+3 Int+3 Dex-4}
 13990 | Lair:2   | Noticed a four-headed hydra
 14002 | Lair:2   | Killed a four-headed hydra
 14003 | Lair:2   | Reached XP level 12. HP: 56/108 MP: 12/15
 14011 | Lair:2   | Reached skill level 11 in Shields
 14584 | Lair:2   | Noticed a six-headed hydra
 14589 | Lair:2   | Noticed a death yak
 14590 | Lair:2   | Noticed a death yak
 14591 | Lair:2   | Paralysed by a hornet for 1 turns
 14950 | Lair:2   | Found a staircase to the Swamp.
 15091 | Lair:2   | Killed a six-headed hydra
 15176 | Lair:2   | Killed a death yak
 15186 | Lair:2   | Killed a death yak
 16064 | Lair:3   | Acquired a manual of Armour
 16350 | Lair:3   | Reached skill level 12 in Shields
 16693 | Lair:3   | Noticed a five-headed hydra
 16701 | Lair:3   | Killed a five-headed hydra
 16752 | Lair:3   | Reached skill level 10 in Maces & Flails
 17205 | Lair:3   | Found a hole to the Spider Nest.
 18275 | Lair:4   | Noticed a boulder beetle
 18831 | Lair:4   | Found a runed translucent door.
 18831 | Lair:4   | Found a shimmering altar of Xom.
 18831 | Lair:4   | Noticed Awagaup's ghost (journeyman DsVM)
 18831 | Lair:4   | Identified the +8 rapier of Pestilence {chaos, rPois rF+
                  | Int+4 Dex+3}
 19216 | Lair:4   | Killed a boulder beetle
 19217 | Lair:4   | Reached XP level 13. HP: 116/116 MP: 17/17
 19675 | Lair:5   | Found a staircase to the Slime Pits.
 19675 | Lair:5   | Found a viscous altar of Jiyva.
 19688 | Lair:5   | Noticed Nessos
 19705 | Lair:5   | Killed Nessos
 20221 | Lair:5   | Reached skill level 13 in Shields
 20349 | Lair:6   | Entered Level 6 of the Lair of Beasts
 20462 | Lair:5   | HP: 3/118 [yak (12)]
 21876 | Lair:6   | Reached skill level 14 in Shields
 22836 | Lair:6   | Reached XP level 14. HP: 109/127 MP: 19/19
 25350 | D:12     | Found a staircase to the Orcish Mines.
 25373 | D:12     | Noticed Psyche
 25382 | D:12     | Killed Psyche
 25580 | D:12     | Identified the -1 cloak of Tempters {rElec}
 25801 | D:12     | Reached skill level 15 in Shields
 26532 | D:13     | Found a runed translucent door.
 26574 | D:13     | Found a runed translucent door.
 26591 | D:13     | Found a runed translucent door.
 26602 | D:13     | Noticed Sonja
 26612 | D:13     | Cast into level 1 of the Abyss (Sonja)
 26685 | Abyss:1  | Gained mutation: You expend magic power (3 MP) to
                  | strengthen your wands. [a neqoxec]
 26700 | D:13     | Escaped the Abyss
 26712 | D:13     | Killed Sonja
 26792 | D:13     | Found Iniunaig's General Store.
 26800 | D:13     | Bought a scroll of teleportation for 48 gold pieces
 27060 | D:13     | Found a runed translucent door.
 28315 | D:13     | Found a gate to the Vaults.
 28357 | D:13     | Reached skill level 10 in Dodging
 28399 | D:13     | Reached XP level 15. HP: 76/136 MP: 20/20
 28781 | D:13     | Identified the +4 mace of the Demagogue {drain, rF+ Will+
                  | Str+4 Dex+4}
 28801 | D:13     | Reached skill level 15 in Armour
 28893 | D:13     | Reached **** piety under the Shining One
 29252 | Orc:1    | Entered Level 1 of the Orcish Mines
 29440 | Orc:1    | Found a runed translucent gate.
 29441 | Orc:1    | Found a runed translucent gate.
 29442 | Orc:1    | Found a runed translucent gate.
 29447 | Orc:1    | Found an opulent altar of Gozag.
 29449 | Orc:1    | Noticed supermoro's ghost (journeyman DECj)
 29450 | Orc:1    | Found Ywiah's Assorted Antiques.
 29784 | Orc:1    | Killed supermoro's ghost
 29826 | Orc:1    | Bought a small agate ring for 160 gold pieces
 29874 | Orc:2    | Entered Level 2 of the Orcish Mines
 30032 | Orc:2    | Found a radiant altar of Vehumet.
 30057 | Orc:2    | Reached skill level 16 in Shields
 30251 | Orc:2    | HP: 4/136 [orc knight/+0 great sword (28)]
 30251 | Orc:2    | The Shining One protects you from harm!
 30251 | Orc:2    | HP: 1/136 [orc/+0 club (2)]
 30251 | Orc:2    | Slain by an orc warrior

Illustrated notes

Levels and vault maps discovered:
D:1:      sevenhm_arrival_forest_fort_small_3, layout_loops_cross,
          nicolae_shop_unique_rings
D:2:      layout_loops_ring, st_stairs_4, nicolae_wormholes
D:3:      layout_basic, mainiacjoe_overflow_tiny_flanked, uniq_robin, uniq_ijyb
D:4:      black_bear_nest_2, layout_rooms, lemuel_temple_firewalk_a,
          chequers_ossuary_entry_cave
D:5:      layout_rooms, serial_shops, shop_statue, uniq_eustachio
D:6:      layout_gridville, uniq_edmund
D:7:      layout_cave_pods, vehumet_statue, nicolae_hepliaklqana_hippocampus,
          serial_glass, glass_columns_b, glass_columns_b, minivault_14,
          st_stairs_9
D:8:      layout_loops_ring, overflow_temple_1_default, gammafunk_ghost_hive
D:9:      layout_loops_corners, serial_shops, nicolae_shop_stone, enter_bailey_4
D:10:     minmay_octagon_keep, layout_irregular_city,
          mainiacjoe_overflow_boulevard, lemuel_crystal_altar, serial_glass,
          glass_columns_a, glass_columns_b, minmay_strange_pillars,
          gammafunk_ghost_grave, enter_trove_5
D:11:     layout_loops_corners, lair_entry_dummy, serial_shops, shop
D:12:     minmay_spotlight, layout_irregular_city, hiddenorc2_lemuel,
          uniq_psyche
D:13:     minmay_the_grid_triangle_9x9_rhombus_thin
          [minmay_the_grid_triangle_9x9_swiss_cheese,
          minmay_the_grid_triangle_9x9_prize_center,
          minmay_the_grid_triangle_9x9_sprig,
          minmay_the_grid_triangle_9x9_minimal], layout_irregular_city,
          grunt_vaults_entry_tiered, serial_shops, nicolae_shop_waterfront,
          serial_column_ruins, column_ruins_hut, column_ruins_columns_corner,
          column_ruins_open_medium, column_ruins_columns_dead_end,
          portal_ice_cave_rime, minmay_statue_crystal_thing, uniq_sonja
Temple:   eino_temple_rhombus
Lair:1:   layout_big_grid
Lair:2:   layout_gridlike, skrybe_swamp_entry_bodies
Lair:3:   layout_regular_city, spider_nest_entry_funnel_web, grunt_megastairs_1
Lair:4:   layout_cave_pods, ebering_ghost_xom
Lair:5:   layout_regular_city, slime_altar_1, uniq_nessos
Lair:6:   hangedman_lair_in_review, layout_long_grid
Orc:1:    layout_caves, ebering_ghost_gozag
Orc:2:    grunt_orc_tribal_feast, layout_caves, basic_altar, minmay_orc_temple_b

Skill      XL: |  1  2  3  4  5  6  7  8  9 10 11 12 13 14 15 |
---------------+----------------------------------------------+-----
Fighting       | 4 5 6 7 8 9 10 11 12 13 | 13.5
Shields        | 4 5 6 7 8 9 10 12 14 15 16 | 16.1
Armour         | 4 5 6 7 8 9 10 12 13 14 15 | 15.4
Maces & Flails | 3 4 5 6 7 8 10 12 13 14 | 14.0
Polearms       | 1 2 4 5 7 8 9 |  9.0
Dodging        | 3 4 6 7 9 10 | 10.3
Invocations    | 2 4 5 7 8 9 |  9.4

Action                   |  1- 3 |  4- 6 |  7- 9 | 10-12 | 13-15 || total
-------------------------+-------+-------+-------+-------+-------++-------
Melee: Flail             |   116 |   217 |   284 |   709 |  1149 ||  2475
       Headbutt          |    15 |    38 |    75 |   222 |   401 ||   751
       Whip              |       |       |     5 |       |       ||     5
Invok: Divine Shield     |       |       |     1 |    10 |    10 ||    21
  Use: Scroll            |     3 |     5 |     8 |    20 |     9 ||    45
       Potion            |       |     5 |       |    13 |     5 ||    23
Armor: Scale mail        |    62 |   125 |    76 |       |       ||   263
       Chain mail        |       |       |    82 |   496 |   571 ||  1149
       Plate armour      |       |       |    16 |       |       ||    16
       Skin              |       |       |     8 |       |       ||     8
Dodge: Dodged            |    59 |   116 |    93 |   308 |   422 ||   998
Block: Buckler           |    22 |    48 |    73 |   375 |   703 ||  1221
       Reflection        |       |       |       |       |    30 ||    30
       Tower shield      |       |       |       |       |   243 ||   243

Table legend: (Time is in decaauts)
 A = Elapsed time spent in this place.
 B = Non-inter-level travel time spent in this place.
 C = Inter-level travel time spent in this place.
 D = Time resting spent in this place.
 E = Time spent auto-exploring this place.
 F = Levels seen in this place.
 G = Mean time per level.
                   A        B        C        D        E       F      G
               +--------+--------+--------+--------+--------+-----+--------+
         Total |  30123 |  28886 |   1237 |   8733 |  14810 |  24 | 1255.1 |
       Dungeon |  16614 |  15842 |    772 |   3348 |   9798 |  13 | 1278.0 |
        Temple |     29 |     29 |      0 |      0 |      0 |   1 |   29.0 |
          Lair |  11893 |  11464 |    429 |   5313 |   4303 |   6 | 1982.2 |
  Orcish Mines |    974 |    939 |     35 |      0 |    704 |   2 |  487.0 |
         Abyss |     74 |     74 |      0 |      0 |      0 |   1 |   74.0 |
       Ossuary |    537 |    537 |      0 |     72 |      5 |   1 |  537.0 |
               +--------+--------+--------+--------+--------+-----+--------+

Top non-repeatable levels by time:
  Lair:6: 3061 daAuts
    D:13: 2654 daAuts
  Lair:2: 2511 daAuts
  Lair:3: 2082 daAuts
  Lair:5: 1836 daAuts
    D:10: 1832 daAuts
     D:3: 1822 daAuts
  Lair:4: 1520 daAuts
    D:12: 1393 daAuts
    D:11: 1215 daAuts
     D:9: 1153 daAuts
     D:6: 1082 daAuts
     D:7: 1045 daAuts
     D:2: 944 daAuts
     D:1: 894 daAuts
